 Dungeon Crawl Stone Soup version 0.30-a0-55-g90e3122c3a (webtiles) character file.

Game seed: 13941523798098816263

116 zishaf the Trooper (level 5, -3/45 HPs)
             Began as a Ghoul Warper on Sept 9, 2022.
             Was an Initiate of Gozag.
             Killed from afar by Sigmund (5 damage)
             ... with a puff of flame
             ... on level 3 of the Dungeon.
             The game lasted 00:02:46 (2587 turns).

zishaf the Trooper (Ghoul Warper)                   Turns: 2587, Time: 00:02:47

Health: -3/45      AC:  6    Str: 17    XL:     5   Next: 0%
Magic:  6/6        EV: 11    Int:  8    God:    Gozag
Gold:   363        SH:  0    Dex:  8    Spells: 7/7 levels left

rFire   . . .      SeeInvis .    j - +1 war axe (vorpal)
rCold   + . .      Faith    .    (no shield)
rNeg    + + +      Spirit   .    k - +0 ring mail
rPois   ∞          Reflect  .    (no helmet)
rElec   .          Harm     .    (no cloak)
rCorr   .          Rampage  .    l - +0 pair of gloves
Will    .....                    (no boots)
Stlth   ..........               (no amulet)
HPRegen 0.00/turn                (no ring)
MPRegen 0.10/turn                (no ring)

@: confused, inhibited regen
A: claws 1, cold resistance 1, negative energy resistance 3, inhibited
regeneration, torment resistance 2, devour on kill
a: Renounce Religion, Potion Petition, Call Merchant, Bribe Branch


You were on level 3 of the Dungeon.
You worshipped Gozag.
Gozag was aware of your devotion.
You visited 1 branch of the dungeon, and saw 3 of its levels.

You collected 363 gold pieces.

Inventory:

Hand Weapons
 j - a +1 vorpal war axe (weapon)
Missiles
 c - 7 boomerangs of dispersal (quivered)
Armour
 k - a +0 ring mail (worn)
 l - a +0 pair of gloves (worn)
Scrolls
 b - a scroll of blinking
 d - a scroll of amnesia {unknown}
 h - 2 scrolls of butterflies {unknown}
 i - 2 scrolls of enchant armour {unknown}
 m - a scroll of identify {unknown}
Potions
 a - a potion of curing {unknown}
 e - 2 potions of attraction {unknown}
 f - 2 potions of lignification {unknown}
 g - 2 potions of brilliance {unknown}
 n - a potion of berserk rage {unknown}


   Skills:
 + Level 3.4 Fighting
 + Level 1.0 Axes
 - Level 0.8 Throwing
 + Level 2.3 Armour
 + Level 2.8 Dodging
 - Level 2.1 Unarmed Combat
 - Level 1.7 Spellcasting
 - Level 2.6 Translocations


You had 7 spell levels left.
You didn't know any spells.
Your spell library contained the following spells:

 Spells                   Type           Power      Damage    Failure   Level
 Blink                    Tloc           10%        N/A       32%         2
 Gell's Gravitas          Tloc           5%         N/A       54%         3
 Lesser Beckoning         Tloc           5%         N/A       54%         3
 Teleport Other           Tloc           5%         N/A       54%         3
 Manifold Assault         Tloc           5%         N/A       99%         5


Dungeon Overview and Level Annotations

Branches:
Dungeon (3/15)

Altars:
Gozag

Annotations:
D:3 Sigmund


Innate Abilities, Weirdness & Mutations

You are immune to poison.
You have sharp fingernails.
Your flesh is cold resistant. (rC+)
You are immune to negative energy. (rN+++)
You do not regenerate when monsters are visible.
You are immune to unholy pain and torment.
You thrive by killing the living.


Message History

Sigmund is moderately wounded.
Sigmund points at you and mumbles some strange words.
You resist with some effort.
You closely miss Sigmund.
Sigmund is moderately wounded.
Sigmund barely misses you.
You hit Sigmund.
Sigmund is heavily wounded.
Sigmund closely misses you.
You slash Sigmund!
Sigmund is almost dead.
Sigmund gestures wildly while chanting.
Sigmund flickers and vanishes!
Deactivating autopickup; reactivate with Ctrl-A.
Something hits you but does no damage.
You barely miss something. Something hits you!
You hit something but do no damage. Something hits you.
You barely miss something. Your punch misses something.
You hear some strange, mumbled words.
A magic dart appears from out of thin air!
The magic dart hits you.
You closely miss something. Something hits you.
You barely miss something.
You hear some strange, mumbled words.
A puff of flame appears from out of thin air!
The puff of flame hits you.
* * * LOW HITPOINT WARNING * * *
You miss something.
You hear some strange, mumbled words.
A magic dart appears from out of thin air!
The magic dart hits you!
* * * LOW HITPOINT WARNING * * *
You barely miss something.
You hear some strange, mumbled words.
You are confused.
You hear some strange, mumbled words.
A puff of flame appears from out of thin air!
The puff of flame hits you.
You die...
Your body crumbles into a pile of gold.

...... #.##.# .#
##.>.## #....###.#
##.....## #....#.#.#
##.......##
#........###.........#
...........+.........+
.)).....# #.........#
####...## #...{...#
..###.## #..@$.#
.####.### ##...##
###.#...# ##'##
##..#.#.# #.#
#...'.#.# #.#
....#.#.# ##.##
....#...#######...##
...##..............#
..###.###.###)#...##


There were no monsters in sight!

Vanquished Creatures
  Jessica (D:3)
  4 adders
  A dart slug (D:1)
  5 orcs (D:3)
  6 ball pythons
  4 endoplasms
  A giant cockroach (D:2)
  3 goblins
  3 hobgoblins
  7 kobolds
  6 bats
  3 frilled lizards
  A rat (D:2)
45 creatures vanquished.

Notes
Turn   | Place    | Note
-------+----------+-------------------------------------------
     0 | D:1      | zishaf the Ghoul Warper began the quest for the Orb.
     0 | D:1      | Reached XP level 1. HP: 17/17 MP: 2/2
   154 | D:1      | Reached skill level 1 in Armour
   382 | D:1      | Found a faded altar of an unknown god.
   403 | D:1      | Prayed at the altar of an unknown god.
   403 | D:1      | Became a worshipper of Gozag Ym Sagoz the Greedy
   547 | D:1      | Reached XP level 2. HP: 25/25 MP: 3/3
  1433 | D:2      | Reached XP level 3. HP: 30/30 MP: 4/4
  1653 | D:2      | Reached skill level 3 in Fighting
  2424 | D:3      | Reached XP level 4. HP: 38/38 MP: 5/5
  2504 | D:3      | Noticed Jessica
  2507 | D:3      | Killed Jessica
  2568 | D:3      | Noticed Sigmund
  2572 | D:3      | Reached skill level 1 in Axes
  2572 | D:3      | Reached XP level 5. HP: 45/45 MP: 6/6
  2586 | D:3      | HP: 2/45 [something/magic dart (9)]
  2587 | D:3      | Killed from afar by Sigmund

Illustrated notes

Levels and vault maps discovered:
D:1:      beargit_arrival_diablo_church, layout_basic,
          dreamdust_ecumenical_altar_angels_and_demons, minivault_25,
          minmay_misc_feat_encased
D:2:      layout_basic, hangedman_decor_points, minmay_tiny_reverse_x
D:3:      layout_loops_corners, nicolae_wu_jian_immortal_techniques,
          kennysheep_slug_shrine, dk_noncrumbling_4, minmay_quadrilaterals,
          uniq_sigmund, uniq_jessica

Skill      XL: |  1  2  3  4 |
---------------+-------------+-----
Armour         | 1 2 |  2.3
Dodging        | 2 |  2.8
Fighting       | 3 |  3.4
Axes           | 1 |  1.0
Throwing       | |  0.8
Unarmed Combat | |  2.1
Spellcasting   | |  1.7
Translocations | |  2.6

Action                   |  1- 3 |  4- 6 || total
-------------------------+-------+-------++-------
Melee: Unarmed           |    83 |       ||    83
       War axe           |    14 |    36 ||    50
       Punch             |     1 |       ||     1
Armor: Leather armour    |    22 |       ||    22
       Ring mail         |     3 |    10 ||    13
Dodge: Dodged            |    60 |    17 ||    77

Table legend: (Time is in decaauts)
 A = Elapsed time spent in this place.
 B = Non-inter-level travel time spent in this place.
 C = Inter-level travel time spent in this place.
 D = Time resting spent in this place.
 E = Time spent auto-exploring this place.
 F = Levels seen in this place.
 G = Mean time per level.
                   A        B        C        D        E       F      G
               +--------+--------+--------+--------+--------+-----+--------+
         Total |   2605 |   2531 |     74 |      0 |   2204 |   3 |  868.3 |
       Dungeon |   2605 |   2531 |     74 |      0 |   2204 |   3 |  868.3 |
               +--------+--------+--------+--------+--------+-----+--------+

Top non-repeatable levels by time:
     D:1: 1184 daAuts
     D:2: 1129 daAuts
     D:3: 291 daAuts
